 Dungeon Crawl Stone Soup version 0.20-a0-274-g7b51309 (webtiles) character file.

35 AlphabetPasta the Grave Robber (level 3, 0/31 HPs)
             Began as a Deep Dwarf Necromancer on Dec 13, 2016.
             Slain by a hobgoblin (2 damage)
             ... on level 2 of the Dungeon.
             The game lasted 00:08:41 (1216 turns).

AlphabetPasta the Grave Robber (DDNe)               Turns: 1216, Time: 00:08:42

Health: 0/31       AC:  2    Str: 11    XL:     3   Next: 17%
Magic:  0/6        EV: 12    Int: 16    God:
Gold:   75         SH:  0    Dex: 13    Spells: 4/6 levels left

rFire  . . .     SeeInvis .     (no weapon)
rCold  . . .     Gourm    .     a - +0 robe
rNeg   . . .     Faith    .     (no shield)
rPois  .         Spirit   .     (no helmet)
rElec  .         Reflect  .     (no cloak)
rCorr  .         Harm     .     (no gloves)
MR     .....                    (no boots)
Stlth  ++........               (no amulet)
                                (no ring)
                                (no ring)

@: non-regenerating
A: damage resistance, recharge devices, sense surroundings 1, slow regeneration
3
a: Device Recharging


You were on level 2 of the Dungeon.
You were not hungry.

You visited 1 branch of the dungeon, and saw 2 of its levels.

You collected 75 gold pieces.

Inventory:

Armour
 a - a +0 robe (worn)
 j - a +0 large shield
Jewellery
 l - an uncursed ring of magical power {unknown}
Wands
 c - a wand of heal wounds (5/9)
Scrolls
 h - a scroll of immolation {unknown}
 m - a scroll of identify {unknown}
Potions
 e - 4 potions of curing {unknown}
 i - a potion of ambrosia {unknown}
 k - a potion of berserk rage {unknown}
Books
 b - a book of Necromancy

   Spells                             Type                      Level
   a - Pain                           Necromancy                   1
   b - Animate Skeleton               Necromancy                   1
   c - Vampiric Draining              Necromancy                   3
   d - Regeneration                   Charms/Necromancy            3
   e - Animate Dead                   Necromancy                   4
   f - Control Undead                 Necromancy                   4
Comestibles
 d - 2 bread rations
 f - 2 chunks of flesh
 g - 2 meat rations


   Skills:
 + Level 1.0 Fighting
 + Level 0.7 Armour
 + Level 2.1 Dodging
 - Level 2.4 Stealth
 + Level 0.2 Shields
 + Level 2.0 Spellcasting
 * Level 4.9 Necromancy


You had 4 spell levels left.
You knew the following spells:

 Your Spells              Type           Power        Failure   Level  Hunger
a - Pain                  Necr           ###.         3%          1    #......
b - Animate Skeleton      Necr           N/A          3%          1    #......


Dungeon Overview and Level Annotations

Branches:
Dungeon (2/15)

Altars:
Nemelex Xobeh


Innate Abilities, Weirdness & Mutations

You are resistant to damage.
You can recharge devices by infusing magical energy.
You passively map a small area around you.
You do not regenerate.


Message History

You kill the dart slug!
You now have 75 gold pieces (gained 11).
A hobgoblin comes into view.
Casting: Pain
Confirm with . or Enter, or press ? or * to list all spells.
Aiming: Pain
Press: ? - help, Shift-Dir - straight line, f - hobgoblin
Aim: a hobgoblin (hasn't noticed you, chance to defeat MR: 87%)
The hobgoblin shouts!
The hobgoblin writhes in agony!
You hit the hobgoblin.
The hobgoblin is moderately wounded.
The hobgoblin closely misses you.
You hit the hobgoblin but do no damage.
The hobgoblin is moderately wounded.
The hobgoblin closely misses you.
You hit the hobgoblin.
The hobgoblin is severely wounded.
The hobgoblin hits you.
You die...

..##.#####.# ,,
..)<......<###.. ....
....#........#..#...,,
.............#......
.....#.......#.....,,*
...#..............# #*
#.####......###...#.##.#
#.# #......#_#.g......#
..# #.....)#>#.@# ** .##
######.#.#..# . #.#.#..#
#.#.#..# * #.#8#..# ,
#......# #.###### , #.#
..#


You could see a hobgoblin.

Vanquished Creatures
  A worm (D:2)
  A dart slug (D:2)
  4 bats
  2 giant cockroaches
  A goblin (D:2)
  5 hobgoblins
  4 jackals (D:1)
  4 kobolds (D:1)
  2 frilled lizards (D:1)
  3 rats
27 creatures vanquished.

Vanquished Creatures (collateral kills)
  A rat (D:1)
1 creature vanquished.

Grand Total: 28 creatures vanquished

Notes
Turn   | Place    | Note
-------+----------+-------------------------------------------
     0 | D:1      | AlphabetPasta the Deep Dwarf Necromancer began the quest for the Orb.
     0 | D:1      | Reached XP level 1. HP: 15/15 MP: 3/3
    24 | D:1      | Learned a level 1 spell: Animate Skeleton
   297 | D:1      | Reached XP level 2. HP: 24/24 MP: 0/4
   859 | D:1      | Reached skill level 1 in Fighting
  1130 | D:2      | HP: 1/25 [worm (4)]
  1140 | D:2      | Reached XP level 3. HP: 2/31 MP: 0/6
  1192 | D:2      | Found a sparkling altar of Nemelex Xobeh.
  1216 | D:2      | Slain by a hobgoblin

Vault maps used:
D:1:      dpeg_arrival_renting, minmay_tetromino_l2
D:2:      first_bread, lemuel_statue_altar, uniq_terence, uniq_natasha

Skill      XL: |  1  2 |
---------------+-------+-----
Spellcasting   | 2 |  2.0
Fighting       | 1 |  1.0
Armour         | |  0.7
Dodging        | |  2.1
Stealth        | |  2.4
Shields        | |  0.2
Necromancy     | |  4.9

Action                   || total
-------------------------++-------
Melee: Unarmed           ||    58
 Cast: Pain              ||    49
       Animate Skeleton  ||    12
  Eat: Chunk             ||     2
Armor: Robe              ||    28
Dodge: Dodged            ||    58
